 Dungeon Crawl Stone Soup version 0.27.1 (webtiles) character file.

Game seed: 8218407383507767993

77 Atelerd the Sneak (level 4, -3/27 HPs)
             Began as an Octopode Earth Elementalist on Sept 4, 2021.
             Slain by Ijyb (6 damage)
             ... on level 3 of the Dungeon.
             The game lasted 00:01:49 (3027 turns).

Atelerd the Sneak (Octopode Earth Elementalist)     Turns: 3027, Time: 00:01:50

Health: -3/27      AC:  1    Str:  7    XL:     4   Next: 33%
Magic:  3/8        EV: 13    Int: 24    God:
Gold:   82         SH:  0    Dex: 12    Spells: 7/8 levels left

rFire    . . .     SeeInvis .   c - +3 short sword
rCold    . . .     Faith    .   (no shield)
rNeg     . . .     Spirit   .   (helmet restricted)
rPois    .         Reflect  .   (no amulet)
rElec    .         Harm     .   f - +6 ring of intelligence
rCorr    .         Rampage  .   (no ring)
Will     .....                  (no ring)
Stlth    +++.......             (no ring)
HPRegen  0.09/turn              (no ring)
MPRegen  0.11/turn              (no ring)
                                (no ring)
                                (no ring)

@: mighty
A: almost no armour, amphibious, 8 rings, camouflage 1, gelatinous body 1,
(nimble swimmer 1), tentacles
a: no special abilities


You were on level 3 of the Dungeon.
You visited 1 branch of the dungeon, and saw 3 of its levels.

You collected 82 gold pieces.

Inventory:

Hand Weapons
 c - a +3 short sword (weapon)
Missiles
 b - 105 stones
Jewellery
 f - a +6 ring of intelligence (left tentacle)
Scrolls
 a - a scroll of fear {unknown}
 d - a scroll of blinking {unknown}
 g - a scroll of teleportation {unknown}


   Skills:
 - Level 2.0 Dodging
 + Level 3.8 Stealth
 + Level 2.7 Spellcasting
 + Level 2.1 Transmutations
 + Level 3.5 Earth Magic


You had 7 spell levels left.
You knew the following spells:

 Your Spells              Type           Power      Damage    Failure   Level
a - Sandblast             Erth           40%        2d10      2%          1

Your spell library contained the following spells:

 Spells                   Type           Power      Damage    Failure   Level
 Passwall                 Tmut/Erth      13%        N/A       5%          2
 Stone Arrow              Conj/Erth      22%        3d8       16%         3
 Portal Projectile        Hex/Tloc       6%         N/A       32%         3
 Summon Guardian Golem    Hex/Summ       3%         N/A       32%         3
 Petrify                  Tmut/Erth      16%        N/A       34%         4
 Blade Hands              Tmut           6%         N/A       77%         5
 Excruciating Wounds      Necr           1%         N/A       97%         5
 Orb of Destruction       Conj           1%         N/A       100%        7
 Spellforged Servitor     Conj/Summ      1%         N/A       100%        7


Dungeon Overview and Level Annotations

Branches:
Dungeon (3/15)

Altars:
Ashenzari

Annotations:
D:3 Ijyb


Innate Abilities, Weirdness & Mutations

You cannot wear most types of armour.
You are amphibious.
You can wear up to eight rings at the same time.
Your skin changes colour to match your surroundings (Stealth+).
Your rubbery body absorbs attacks. (AC +1, EV +1)
((You are camouflaged near water. (Stealth+)))
You have tentacles for arms and can constrict up to eight enemies at once.


Message History

You are too injured to fight recklessly!
You are too injured to fight recklessly!
You are too injured to fight recklessly!
You are too injured to fight recklessly!
You are too injured to fight recklessly!
You are too injured to fight recklessly!
Unknown command.
You feel less confused. Ijyb hits you with a +0 club.
* * * LOW HITPOINT WARNING * * *
Unknown command.
Casting: Sandblast (safe; 2% risk of failure)
Confirm with . or Enter, or press ? or * to list all spells.
Aiming: Sandblast (safe; 2% risk of failure)
Press: ? - help, Shift-Dir - straight line, f/p - Ijyb
Aim: Ijyb, wielding a +0 club, wearing a +0 chain mail and carrying a wand of charming (2) (severely wounded, 81% to hit)
The blast of sand hits Ijyb but does no damage.
Ijyb is severely wounded.
Ijyb barely misses you.
Unknown command.
Unknown command.
Casting: Sandblast (safe; 2% risk of failure)
Confirm with . or Enter, or press ? or * to list all spells.
Aiming: Sandblast (safe; 2% risk of failure)
Press: ? - help, Shift-Dir - straight line, f/p - Ijyb
Aim: Ijyb, wielding a +0 club, wearing a +0 chain mail and carrying a wand of charming (2) (severely wounded, 81% to hit)
The blast of sand hits Ijyb but does no damage.
Ijyb is severely wounded.
Ijyb misses you.
Unknown command.
Unknown command.
Casting: Sandblast (safe; 2% risk of failure)
Confirm with . or Enter, or press ? or * to list all spells.
Aiming: Sandblast (safe; 2% risk of failure)
Press: ? - help, Shift-Dir - straight line, f/p - Ijyb
Aim: Ijyb, wielding a +0 club, wearing a +0 chain mail and carrying a wand of charming (2) (severely wounded, 81% to hit)
The blast of sand hits Ijyb.
Ijyb is almost dead.
Ijyb hits you with a +0 club.
You die...

........# .. ........# .#
........#####..
################+........
#.........#.......≈≈.....
#.........#.......≈≈≈≈≈≈≈
#.........#..)..≈.≈≈≈≈≈≈≈
#......g..#......≈≈≈≈≈≈≈≈
#.<.....@....≈≈≈≈≈≈≈≈≈≈P≈
#.........#..P≈≈≈≈≈≈)≈≈≈.
#....<........≈≈≈≈≈≈≈≈≈≈≈
#......)...≈..≈≈≈≈.≈≈....
#.........≈P≈≈≈≈≈≈.......
#..........≈≈≈≈≈.≈......#
######..PP≈≈≈≈P..)..####
#..##≈≈≈#.....## #....#


You could see Ijyb.

Vanquished Creatures
  A dart slug (D:2)
  An orc (D:3)
  2 ball pythons (D:1)
  6 bats
  12 endoplasms
  2 giant cockroaches
  4 goblins
  7 hobgoblins
  3 jackals (D:1)
  7 kobolds
  5 quokkas
  7 frilled lizards
  6 rats
63 creatures vanquished.

Vanquished Creatures (others)
  8 plants (D:3)
8 creatures vanquished.

Grand Total: 71 creatures vanquished

Notes
Turn   | Place    | Note
-------+----------+-------------------------------------------
     0 | D:1      | Atelerd the Octopode Earth Elementalist began the quest for
                  | the Orb.
     0 | D:1      | Reached XP level 1. HP: 11/11 MP: 3/3
   104 | D:1      | Reached XP level 2. HP: 14/17 MP: 0/5
   895 | D:1      | Reached XP level 3. HP: 15/21 MP: 2/6
  1968 | D:2      | Noticed a great orb of eyes
  1969 | D:2      | Found a faded altar of an unknown god.
  1971 | D:2      | Noticed a golden eye
  1971 | D:2      | Noticed a floating eye
  1971 | D:2      | Noticed an eye of devastation
  2176 | D:2      | Reached XP level 4. HP: 27/27 MP: 5/7
  2853 | D:3      | Found a broken altar of Ashenzari.
  3007 | D:3      | Noticed Ijyb
  3027 | D:3      | Slain by Ijyb

Illustrated notes

Levels and vault maps discovered:
D:1:      saegor_arrival_simple_e, layout_loops_corners
D:2:      layout_loops_ring, hellmonk_ecumenical_altar_watching_god,
          minmay_misc_feat_hallway
D:3:      layout_basic, nicolae_ashenzari_skybound, dk_noncrumbling_4,
          corner_web_ring, chequers_big_river, uniq_ijyb

Skill      XL: |  1  2  3 |
---------------+----------+-----
Stealth        | 3 |  3.8
Transmutations | 2 |  2.1
Dodging        | |  2.0
Spellcasting   | |  2.7
Earth Magic    | |  3.5

Action                   |  1- 3 |  4- 6 || total
-------------------------+-------+-------++-------
Melee: Unarmed           |    49 |       ||    49
       Constrict         |    14 |     3 ||    17
       Tentacles         |    11 |     3 ||    14
       Short sword       |       |    13 ||    13
 Cast: Sandblast         |    51 |    22 ||    73
  Use: Potion            |       |     1 ||     1
 Stab: Sleeping          |     3 |     1 ||     4
Armor: Skin              |     8 |     3 ||    11
Dodge: Dodged            |    45 |    11 ||    56
